 Dungeon Crawl Stone Soup version 0.14-a0-2001-g390038d (webtiles) character file.

74 Bloax the Slasher (level 3, -5/30 HPs)
             Began as a Minotaur Gladiator on Jan 18, 2014.
             Slain by a green rat (6 damage)
             ... on Level 2 of the Dungeon.
             The game lasted 00:06:05 (945 turns).

Bloax the Slasher (Minotaur Gladiator)               Turns: 945, Time: 00:06:05

HP  -5/30        AC  3     Str 19      XL: 3   Next:  7%
MP   2/2         EV 12     Int  5      God:
Gold 43          SH  0     Dex 11      Spells:  0 memorised,  2 levels left

rFire  . . .     SeeInvis .     a - +0,+1 falchion
rCold  . . .     Clarity  .     b - +0 leather armour
rNeg   . . .     Conserve .     (no shield)
rPois  .         rCorr    .     c - +0 hat
rElec  .         rRot     .     (no cloak)
SustAb . .       Spirit   .     (no gloves)
rMut   .         Warding  .     (no boots)
Saprov . . .     Stasis   .     (no amulet)
MR     .....                    (no ring)
                                (no ring)

@: not resistant to hostile enchantments, very unstealthy
A: retaliatory headbutt, horns 2
a: no special abilities


You were on level 2 of the Dungeon.
You were not hungry.

You visited 1 branch of the dungeon, and saw 2 of its levels.

You collected 43 gold pieces.


Innate Abilities, Weirdness & Mutations

You reflexively headbutt those who attack you in melee.
You have a pair of horns on your head.


   Skills:
 + Level 2.8 Fighting
 * Level 4.4 Long Blades
 - Level 2.0 Throwing
 + Level 3.7 Dodging


You had 2 spell levels left.
You didn't know any spells.

Dungeon Overview and Level Annotations

Branches:
Dungeon (2/16)

Altars:

Inventory:

Hand weapons
 a - a +0,+1 falchion (weapon)
Armour
 b - a +0 leather armour (worn)
 c - a +0 hat (worn)
 j - a +0 scale mail
   (You found it on level 1 of the Dungeon)
Comestibles
 f - a bread ration
Scrolls
 g - a scroll of fog {unknown}
 i - a scroll of remove curse {unknown}
Jewellery
 e - an uncursed amulet of stasis {unknown}
   (You found it on level 1 of the Dungeon)
Potions
 h - a potion of might {unknown}

.# ............#.# P#
...............# ..77
.77....#....##.## ..7¤7 .
.PP7............# .PP77
P.7..7....#....##.## .7...
..777..........##.#
...7.7..777.............#
P..7¤7.P..7...........###
......7.........@.....# 7.
7..7...7...#r##..#.#
7.P77..777.#..#.##..#.#
7.7...7.P.........#.#
.PP77...7.....#.#..##.# .
77.P.777P#%#.#..##.#
..PP7.7..777.......##.######
.P.7777...(7..#.#..........#
##7777##S.7...............##


You could see a green rat.


Message History

Increase (S)trength, (I)ntelligence, or (D)exterity?
You feel agile.
h - an inky potion The jackal barks!
You hit the jackal.
The jackal is almost dead.
The jackal closely misses you. The jackal bites you.
* * * LOW HITPOINT WARNING * * *
You barely miss the jackal.
The jackal is almost dead.
The jackal misses you. The jackal bites you.
* * * LOW HITPOINT WARNING * * *
You closely miss the jackal.
The jackal is almost dead.
The jackal barely misses you.
You hit the jackal.
You kill the jackal!
The jackal bites you.
* * * LOW HITPOINT WARNING * * *
You slash the jackal!
You kill the jackal!
The green rat bites you but does no damage.
Throwing (i - inventory. (,) - cycle):
d - a throwing net (quivered)
Aim: a green rat You throw a throwing net.
The throwing net hits the green rat.
The green rat is caught in the net!
The green rat struggles to escape the net.
Unknown command.
You barely miss the green rat.
The green rat struggles to escape the net.
You hit the green rat but do no damage.
The green rat struggles to escape the net.
The green rat breaks free.
The green rat barely misses you. You furiously retaliate!
You headbutt the green rat. You barely miss the green rat.
The green rat is lightly wounded.
The green rat bites you!
* * * LOW HITPOINT WARNING * * *
Unknown command.
Throwing (i - inventory):
k - a throwing net [frayed] (quivered)
Aim: a green rat (lightly wounded)
You throw a throwing net [frayed].
The throwing net [frayed] misses the green rat.
The green rat closely misses you.
Unknown command.
Things that are here:
a throwing net [frayed]; a throwing net
d - a throwing net The green rat bites you.
* * * LOW HITPOINT WARNING * * *
Unknown command.
Throwing (i - inventory):
d - a throwing net (quivered)
Aim: a green rat (lightly wounded)
You throw a throwing net. The throwing net hits the green rat.
The green rat is caught in the net!
The green rat is lightly wounded.
The green rat struggles to escape the net.
Unknown command.
You barely miss the green rat.
The green rat is lightly wounded.
The green rat struggles to escape the net.
You hit the green rat but do no damage.
The green rat is lightly wounded.
The green rat struggles to escape the net.
The green rat breaks free.
The green rat bites you.
* * * LOW HITPOINT WARNING * * *
You hit the green rat but do no damage.
The green rat is lightly wounded.
The green rat bites you.
You die...

Action                   || total
-------------------------++-------
Melee: Falchion          ||    74
Throw: Throwing net      ||     7
       Dart              ||     3
  Use: Scroll            ||     5
       Potion            ||     1

Vault maps used:
D:1:      minmay_arrival_checkered_box, minmay_ruptured
D:2:      wad_woods_tower, grunt_decor_one_mirror

Notes
Turn   | Place    | Note
--------------------------------------------------------------
     0 | D:1      | Bloax, the Minotaur Gladiator, began the quest for the Orb.
     0 | D:1      | Reached XP level 1. HP: 18/18 MP: 1/1
   226 | D:2      | HP: 1/18 [green rat (7)]
   320 | D:1      | HP: 4/18 [ball python (1)]
   321 | D:1      | Reached XP level 2. HP: 4/25 MP: 1/1
   372 | D:1      | HP: 6/25 [giant cockroach (2)]
   387 | D:1      | HP: 5/25 [giant cockroach (2)]
   409 | D:1      | Reached skill level 4 in Long Blades
   647 | D:2      | HP: 6/25 [poisoned by a kobold]
   653 | D:2      | HP: 3/25 [poisoned by a kobold]
   663 | D:2      | HP: 2/25 [poisoned by a kobold]
   668 | D:2      | HP: 1/25 [poisoned by a kobold]
   729 | D:2      | HP: 1/25 [hobgoblin (5)]
   875 | D:2      | Reached XP level 3. HP: 13/30 MP: 2/2
   920 | D:2      | HP: 5/30 [green rat (8)]
   940 | D:2      | HP: 2/30 [green rat (5)]
   945 | D:2      | Slain by a green rat

Vanquished Creatures
  An ooze (D:2)
  A ball python (D:1)
  A goblin (D:1)
  3 hobgoblins
  3 jackals (D:2)
  5 kobolds
  A bat (D:1)
  3 giant cockroaches
  3 giant geckos (D:1)
  3 giant newts
  5 rats
29 creatures vanquished.
